 Dungeon Crawl Stone Soup version 0.30-a0-165-g1891117ce2 (webtiles) character file.

Game seed: 12936209804145847892

122317 qw the Peltast (level 16, -7/101 HPs)
             Began as a Gargoyle Fighter on Sept 28, 2022.
             Was a High Priest of Okawaru.
             Mangled by an orc warrior
             ... wielding a +0 battleaxe
             ... led by Saint Roka
              (19 damage)
             ... on level 3 of the Snake Pit.
             The game lasted 00:11:51 (28266 turns).

qw the Peltast (Gargoyle Fighter)                  Turns: 28266, Time: 00:11:51

Health: -7/101     AC: 53    Str: 29    XL:     16   Next: 87%
Magic:  17/23      EV: 14    Int:  8    God:    Okawaru [*****.]
Gold:   20         SH: 22    Dex: 15    Spells: 15/15 levels left

rFire   . . .      SeeInvis .    k - +8 broad axe of Wivurch {vorpal, rElec rC- Dex+6}
rCold   + . .      Faith    .    C - +0 tower shield
rNeg    + . .      Spirit   .    x - +2 crystal plate armour
rPois   inf        Reflect  .    D - +2 helmet
rElec   +          Harm     .    s - +2 cloak
rCorr   .          Rampage  .    t - +2 pair of gloves
Will    +....      NoCast   +    u - +0 pair of boots of the Doldrums {-Cast rC+ Stlth+}
Stlth   ..........               q - amulet of the acrobat
HPRegen 0.26/turn                A - ring of protection from cold
MPRegen 0.18/turn                v - +4 ring of evasion

@: heroic, finesse-ful, flying
A: sickness immunity, AC +12, big wings, negative energy resistance 1,
electricity resistance, torment resistance 1, petrification resistance,
screaming 1
a: Renounce Religion, Heroism, Finesse, Duel


You were on level 3 of the Snake Pit.
You worshipped Okawaru.
Okawaru was extremely pleased with you.
You visited 5 branches of the dungeon, and saw 26 of its levels.

You collected 2706 gold pieces.
You spent 2686 gold pieces at shops.


Innate Abilities, Weirdness & Mutations

You are immune to sickness and miasma.
Your stone body is resilient. (AC +12)
You are immune to poison.
Your large and strong wings let you fly.
You resist negative energy. (rN+)
You are resistant to electric shocks. (rElec)
You are resistant to unholy torment.
You are immune to petrification.
You occasionally shout uncontrollably at your foes.


   Skills:
 - Level 12.0(17.0) Fighting
 + Level 15.9(20.9) Axes
 - Level 5.0(10.0) Throwing
 - Level 14.0(19.0) Armour
 - Level 4.1(9.1) Dodging
 - Level 16.3(21.3) Shields
 - Level 10.0 Invocations


You had 15 spell levels left.
You didn't know any spells.
Your spell library was empty.

Inventory:

Hand Weapons
 k - the +8 broad axe of Wivurch (weapon) {vorpal, rElec rC- Dex+6}
   (Okawaru gifted it to you on level 13 of the Dungeon)

   It inflicts extra damage upon your enemies.
   Dex:       It affects your dexterity (+6).
   rC:        It makes you vulnerable to cold.
   rElec:     It insulates you from electricity.
 l - a +2 vampiric war axe
 y - a +0 broad axe of flaming
Missiles
 i - 12 boomerangs
 r - 7 javelins (quivered)
Armour
 n - the +5 chain mail of Ruploman {Harm rF+ rCorr Slay+3}
   (You found it on level 9 of the Dungeon)

   Slay:      It affects your accuracy & damage with ranged weapons and melee
   (+3).
   rF:        It protects you from fire.
   rCorr:     It protects you from acid and corrosion.
   Harm:      It increases damage dealt and taken.
 s - a +2 cloak (worn)
 t - a +2 pair of gloves (worn)
 u - the +0 pair of boots of the Doldrums (worn) {-Cast rC+ Stlth+}
   (You acquired it on level 9 of the Dungeon)

   rC:        It protects you from cold.
   -Cast:     It prevents spellcasting.
   Stlth:     It makes you more stealthy.
 x - a +2 crystal plate armour (worn)
 C - a +0 tower shield (worn)
 D - a +2 helmet (worn)
 E - the +1 plate armour of Vexation {rF- rC+ Will+ Slay+4}
   (You bought it in a shop on level 2 of the Orcish Mines)

   Slay:      It affects your accuracy & damage with ranged weapons and melee
   (+4).
   rF:        It makes you vulnerable to fire.
   rC:        It protects you from cold.
   Will:      It increases your willpower.
 G - a +1 tower shield of protection
Jewellery
 c - a ring of protection from cold
 q - an amulet of the acrobat (around neck)
 v - a +4 ring of evasion (right hand)
 w - the ring "Vug Imel" {Fly rCorr}
   (You acquired it on level 1 of the Dungeon)

   [ring of resist corrosion]

   Fly:       It grants you flight.
   rCorr:     It protects you from acid and corrosion.
 A - a ring of protection from cold (left hand)
 F - a ring of see invisible
 Y - a +6 ring of dexterity
Scrolls
 f - 13 scrolls of identify
 p - 10 scrolls of teleportation
 z - 4 scrolls of enchant weapon
Potions
 a - a potion of magic
 b - 2 potions of attraction
 d - 7 potions of might
 e - 3 potions of cancellation
 g - a potion of resistance
 h - 3 potions of mutation
 j - 4 potions of curing
 m - 11 potions of lignification
 o - 5 potions of haste
 B - 3 potions of heal wounds

Dungeon Overview and Level Annotations

Branches:
Dungeon (15/15)            Temple (1/1) D:4            Lair (5/5) D:9
  Swamp (0/4) Lair:2        Snake (3/4) Lair:2        Slime (0/5) Lair:5
    Orc (2/2) D:10            Elf (0/3) Orc:2        Vaults (0/5) D:13
 Depths (0/4) D:15

Altars:
Ashenzari
Cheibriados
Dithmenos
Elyvilon
Fedhas
Gozag
Hepliaklqana
Kikubaaqudgha
Makhleb
Nemelex Xobeh
Okawaru
Qazlal
Ru
Sif Muna
Trog
Uskayaw
Vehumet
Wu Jian
Xom
Yredelemnul
Zin
The Shining One
Jiyva

Shops:
D:8 (   Orc:1 [   Orc:2 ([(**   Snake:1 (   Snake:3 !=:*:

Annotations:
D:8 2 runed translucent doors
D:10 2 transporters
D:12 3 runed translucent doors, Naggiasi's ghost, journeyman KoBr
Lair:5 1 runed translucent door
Snake:3 Saint Roka
Orc:1 1 runed translucent door, Ullipcorian's ghost, adept MfGl


Message History

You hit Saint Roka but do no damage.
Saint Roka is heavily wounded.
You slash the orc sorcerer!
You hit the orc warrior but do no damage.
Saint Roka mumbles some strange prayers to Beogh against you.
Beogh smites you! The orc warrior misses you.
You block the orc sorcerer's attack.
You slash the orc sorcerer!
You kill the orc sorcerer!
Okawaru accepts your kill.
You can now enter into single combat with a foe.
Okawaru will now gift you equipment as you gain piety.
You hit the orc warrior. You slash Saint Roka! You slice the orc warrior!!
You kill the orc warrior!
Okawaru accepts your kill.
You slash Saint Roka!
Saint Roka invokes the aid of Beogh against you.
Beogh smites you!
You barely miss Saint Roka.
Saint Roka is heavily wounded.
You slice the troll!! You carve the troll like a ham!!!
You kill the troll!
Okawaru accepts your kill.
You hit Saint Roka. You slash Saint Roka!
Saint Roka is severely wounded.
Saint Roka mumbles some strange prayers to Beogh against you.
Beogh smites you!
You closely miss Saint Roka.
Saint Roka is severely wounded.
You closely miss the orc warrior. You closely miss Saint Roka.
Saint Roka is severely wounded.
You barely miss the orc warrior.
Saint Roka invokes the aid of Beogh against you.
Beogh smites you!
The orc warrior hits you with a +0 battleaxe!!
You die...

#...## ##.......\..))##
##....## #....##
##..##......## #.....#
##....## ##..########
#....#... ##....## #..#
#....###...
##......###..#########....##
#..
#...#....#.............#.#
.. ...###).............<...#
.# ..## ##.........)......#
...# ##########@)##### ....#
#oo# ##...# #oo# .....


hoo. #..... >o... #..#. ....#.. ####.### . You could see Saint Roka, a warg, an
orc warrior (strong), an orc priest (strong) and 4 orcs.

Vanquished Creatures
  Bai Suzhen (Snake:3)
  Mlioglotl (Snake:1)
  Kirke (Snake:2)
  A nagaraja (Snake:2)
  An orc warlord (D:12)
  An ironbound preserver (D:13)
  Nessos (Orc:1)
  A dire elephant (D:15)
  Snorg (Orc:1)
  Fannar (Orc:1)
  4 hydras
  2 anacondas (Snake:3)
  3 catoblepae
  6 naga warriors (Snake:3)
  6 boulder beetles
  3 two-headed ogres
  3 centaur warriors
  A dancing weapon (D:12)
  4 shock serpents
  A naga sharpshooter (Snake:1)
  Sonja (Lair:5)
  Nergalle (Orc:1)
  Amaemon (Lair:1)
  4 skeletal warriors (D:15)
  A lindwurm (Lair:5)
  7 orc knights
  A naga ritualist (Snake:1)
  A lindwurm (shapeshifter) (D:13)
  Pikel (D:8)
  A deep elf archer (D:13)
  4 deep elf pyromancers
  2 mana vipers
  3 orc sorcerers
  3 oklob plants (Snake:2)
  3 wolf spider zombies (D:12)
  A wolf spider (D:12)
  A slime creature (D:15)
  4 cyclopes
  10 ugly things
  2 guardian serpents (Snake:3)
  7 salamanders
  10 centaur zombies (D:12)
  2 manticores
  3 naga magi (Snake:3)
  16 elephants
  An orange demon (Lair:1)
  4 molten gargoyles (D:10)
  19 black mambas
  6 torpor snails
  13 cane toads
  2 gargoyles
  An unseen horror (D:12)
  4 komodo dragons
  4 rime drakes
  3 efreet
  2 meliai
  6 trolls
  2 polar bears
  8 hornets (Lair:5)
  4 tyrant leeches (Lair:5)
  13 blink frogs
  17 dream sheep
  3 shadows
  10 wyverns
  6 basilisks
  6 wraiths
  3 hogs (Snake:2)
  2 humans (Snake:2)
  10 vampires (D:12)
  42 yaks
  4 steam dragons
  8 vampire mosquitoes
  Grum (D:9)
  16 nagas
  2 wargs (Orc:2)
  24 water moccasins
  3 acid dragons
  2 ice beasts
  62 orc warriors
  A sky beast (D:7)
  4 black bears
  7 ogres
  20 wolves
  8 centaurs
  2 lemures (D:8)
  A kobold brigand (D:6)
  2 necrophages
  7 bullfrogs
  2 scorpions
  3 jellies
  17 wights
  15 killer bees
  2 howler monkeys
  4 crimson imps (D:4)
  19 orc priests
  A gnoll bouda (Lair:2)
  4 hounds
  2 iguanas
  35 orc wizards
  2 boggart zombies (D:12)
  16 hell rats
  9 gnolls
  10 adders
  A shadow imp (D:8)
  2 white imps (D:7)
  An ufetubus (D:6)
  2 worms
  2 dart slugs
  98 orcs
  7 ball pythons
  9 endoplasms
  3 giant cockroaches
  7 goblins
  6 hobgoblins
  7 jackals
  6 quokkas
  4 bats
  5 frilled lizards
  10 kobolds
  2 rats (D:3)
  A butterfly (D:12)
812 creatures vanquished.

Vanquished Creatures (others)
  28 fungi
  66 plants
  7 withered plants
101 creatures vanquished.

Grand Total: 913 creatures vanquished

Notes
Turn   | Place    | Note
-------+----------+-------------------------------------------
     0 | D:1      | qw the Gargoyle Fighter began the quest for the Orb.
     0 | D:1      | Reached XP level 1. HP: 14/14 MP: 1/1
     0 | D:1      | 0 ||| qw: Version: 0.2-a-12-gaebbb33
     0 | D:1      | 0 ||| qw: Game counter: 834
     0 | D:1      | 0 ||| qw: Always use a shield: true
     0 | D:1      | 0 ||| qw: God list: Okawaru
     0 | D:1      | 0 ||| qw: Allow faded altars: false
     0 | D:1      | 0 ||| qw: Do Orc after D:15 true
     0 | D:1      | 0 ||| qw: Do second Lair branch before Depths: true
     0 | D:1      | 0 ||| qw: Lair rune preference: random
     0 | D:1      | 0 ||| qw: Plans: Normal, Zot:1-4, God:TSO, Crypt, Tomb,
                  | Pan, Slime:5, Hells, Abyss, Orb
     0 | D:1      | 0 ||| PLANNING D:1-11
    62 | D:1      | 62 ||| Stepping ~*~*~tactically~*~*~ (stealth).
   393 | D:1      | Reached XP level 2. HP: 19/19 MP: 2/2
   402 | D:1      | HP: 4/19 [frozen (5)]
   864 | D:1      | 864 ||| DROPPING +0 club.
   944 | D:1      | Found a faded altar of an unknown god.
  1082 | D:1      | 1082 ||| Stepping ~*~*~tactically~*~*~ (stealth).
  1085 | D:1      | 1085 ||| Stepping ~*~*~tactically~*~*~ (stealth).
  1088 | D:1      | Reached skill level 3 in Axes
  1137 | D:1      | 1137 ||| Stepping ~*~*~tactically~*~*~ (stealth).
  1144 | D:1      | 1144 ||| Stepping ~*~*~tactically~*~*~ (stealth).
  1151 | D:1      | Reached XP level 3. HP: 23/23 MP: 3/3
  1152 | D:1      | 1152 ||| Stepping ~*~*~tactically~*~*~ (stealth).
  1391 | D:1      | 1391 ||| READING scroll labelled CUATAJ EGAWAEP.
  1392 | D:1      | 1392 ||| READING 2 scrolls labelled SYEMEC OGEYFE.
  1393 | D:1      | 1393 ||| READING scroll labelled ASTRAE PUDOWNAFAPE.
  1393 | D:1      | Identified a scroll of acquirement
  1393 | D:1      | 1393 ||| ACQUIRING ring "Vug Imel" {Fly rCorr}
  1393 | D:1      | Acquired the ring "Vug Imel" {Fly rCorr}
  1395 | D:1      | 1395 ||| UPGRADING to ring "Vug Imel" {Fly rCorr}.
  1396 | D:1      | 1396 ||| READING scroll labelled USONITIQEW.
  1397 | D:1      | 1397 ||| READING scroll labelled YXEVIH IMEE.
  1398 | D:1      | 1398 ||| READING 3 scrolls labelled WISA HUNEERPHEU.
  1499 | D:1      | 1499 ||| DRINKING 2 blue potions.
  1500 | D:1      | 1500 ||| DROPPING 2 scrolls of silence.
  1760 | D:2      | 1760 ||| Stepping ~*~*~tactically~*~*~ (hiding).
  2308 | D:2      | 2308 ||| READING scroll labelled UKYMNA PUB GIL.
  2309 | D:2      | 2309 ||| READING 4 scrolls of identify.
  2309 | D:2      | 2309 ||| IDENTIFYING amethyst potion
  2310 | D:2      | 2310 ||| READING 3 scrolls of identify.
  2310 | D:2      | 2310 ||| IDENTIFYING silvery potion
  2311 | D:2      | 2311 ||| READING 2 scrolls of identify.
  2311 | D:2      | 2311 ||| IDENTIFYING pink potion
  2312 | D:2      | 2312 ||| DROPPING potion of flight.
  2349 | D:3      | Found a broken altar of Ashenzari.
  2478 | D:3      | 2478 ||| Stepping ~*~*~tactically~*~*~ (hiding).
  2486 | D:3      | Reached XP level 4. HP: 28/28 MP: 4/4
  2616 | D:3      | Reached skill level 1 in Throwing
  2650 | D:3      | 2650 ||| Stepping ~*~*~tactically~*~*~ (stealth).
  2651 | D:3      | 2651 ||| Stepping ~*~*~tactically~*~*~ (stealth).
  2652 | D:3      | 2652 ||| Stepping ~*~*~tactically~*~*~ (stealth).
  2665 | D:3      | 2665 ||| Stepping ~*~*~tactically~*~*~ (stealth).
  2672 | D:3      | 2672 ||| FLEEEEING.
  2673 | D:3      | 2673 ||| FLEEEEING.
  2674 | D:3      | 2674 ||| FLEEEEING.
  2675 | D:3      | 2675 ||| FLEEEEING.
  2676 | D:3      | 2676 ||| FLEEEEING.
  2677 | D:3      | 2677 ||| FLEEEEING.
  2679 | D:3      | 2679 ||| FLEEEEING.
  2680 | D:3      | 2680 ||| FLEEEEING.
  2681 | D:3      | 2681 ||| FLEEEEING.
  2689 | D:3      | 2689 ||| STAIRDANCE
  2797 | D:2      | 2797 ||| DROPPING orb of guile.
  2798 | D:2      | 2798 ||| UPGRADING to +6 ring of dexterity.
  2799 | D:2      | 2799 ||| READING 3 scrolls of identify.
  2799 | D:2      | 2799 ||| IDENTIFYING lumpy puce potion
  2800 | D:2      | 2800 ||| READING 2 scrolls of identify.
  2800 | D:2      | 2800 ||| IDENTIFYING smoky dark potion
  2808 | D:3      | 2808 ||| DROPPING +0 whip.
  2922 | D:3      | Found a radiant altar of Vehumet.
  3157 | D:3      | 3157 ||| READING scroll labelled XUEKHO FUAHUR.
  3167 | D:4      | 3167 ||| STAIRDANCE
  3245 | D:4      | Found a staircase to the Ecumenical Temple.
  3246 | D:4      | 3246 ||| PLANNING TEMPLE
  3246 | D:4      | 3246 ||| READING 2 scrolls of identify.
  3246 | D:4      | 3246 ||| IDENTIFYING grey potion
  3247 | D:4      | 3247 ||| DROPPING potion of invisibility.
  3253 | Temple   | Entered the Ecumenical Temple
  3263 | Temple   | 3263 ||| PLANNING OKAWARU WORSHIP
  3272 | Temple   | Became a worshipper of Warmaster Okawaru
  3273 | Temple   | 3273 ||| PLANNING D:1-11
  3285 | D:4      | Noticed an ice beast
  3289 | D:4      | Killed an ice beast
  3290 | D:4      | Reached XP level 5. HP: 32/32 MP: 5/5
  3322 | D:4      | Found a white marble altar of Elyvilon.
  3373 | D:4      | Found a shimmering altar of Xom.
  3375 | D:4      | 3375 ||| READING scroll labelled EGIUSM ACAOWUFF.
  3378 | D:4      | 3378 ||| Standing still (stuck).
  3383 | D:4      | Reached XP level 6. HP: 37/37 MP: 6/6
  3387 | D:4      | Reached * piety under Okawaru
  3507 | D:4      | Noticed a black bear
  3508 | D:4      | 3508 ||| INVOKING Heroism.
  3510 | D:4      | 3510 ||| Stepping ~*~*~tactically~*~*~ (stealth).
  3519 | D:4      | HP: 6/37 [black bear (11)]
  3520 | D:4      | 3520 ||| DRINKING potion of heal wounds.
  3522 | D:4      | Killed a black bear
  3523 | D:4      | Reached XP level 7. HP: 15/44 MP: 5/7
  3780 | D:4      | 3780 ||| Stepping ~*~*~tactically~*~*~ (hiding).
  3786 | D:4      | 3786 ||| INVOKING Heroism.
  3788 | D:4      | Reached skill level 1 in Invocations
  3796 | D:4      | 3796 ||| Stepping ~*~*~tactically~*~*~ (stealth).
  3867 | D:4      | 3867 ||| INVOKING Heroism.
  3886 | D:4      | 3886 ||| INVOKING Heroism.
  4202 | D:4      | Found a basalt altar of Yredelemnul.
  4284 | D:4      | 4284 ||| Stepping ~*~*~tactically~*~*~ (stealth).
  4285 | D:4      | 4285 ||| Stepping ~*~*~tactically~*~*~ (stealth).
  4305 | D:4      | Reached skill level 3 in Invocations
  4468 | D:4      | 4468 ||| READING 2 scrolls labelled USCHUS SILOANT.
  4469 | D:4      | 4469 ||| READING scroll labelled TISARI GATZAT.
  4470 | D:4      | 4470 ||| READING 2 scrolls of identify.
  4470 | D:4      | 4470 ||| IDENTIFYING puce potion
  4471 | D:4      | 4471 ||| DROPPING scroll of magic mapping.
  4472 | D:4      | 4472 ||| DROPPING potion of degeneration.
  4510 | D:5      | Entered Level 5 of the Dungeon
  4620 | D:5      | 4620 ||| INVOKING Heroism.
  4625 | D:5      | 4625 ||| Stepping ~*~*~tactically~*~*~ (stealth).
  4634 | D:5      | Reached skill level 6 in Axes
  4691 | D:5      | 4691 ||| Stepping ~*~*~tactically~*~*~ (stealth).
  4692 | D:5      | 4692 ||| Stepping ~*~*~tactically~*~*~ (stealth).
  4694 | D:5      | 4694 ||| Stepping ~*~*~tactically~*~*~ (hiding).
  4697 | D:5      | 4697 ||| INVOKING Heroism.
  4698 | D:5      | 4698 ||| INVOKING Heroism.
  4702 | D:5      | Reached XP level 8. HP: 34/48 MP: 7/10
  4732 | D:5      | 4732 ||| Stepping ~*~*~tactically~*~*~ (stealth).
  4788 | D:5      | 4788 ||| READING scroll of acquirement.
  4788 | D:5      | 4788 ||| ACQUIRING +1 plate armour "Kegedum" {SInv}
  4788 | D:5      | Acquired the +1 plate armour "Kegedum" {SInv}
  4790 | D:5      | 4790 ||| UPGRADING to +1 plate armour "Kegedum" {SInv}.
  4800 | D:5      | 4800 ||| DROPPING +0 scale mail.
  4834 | D:5      | 4834 ||| Stepping ~*~*~tactically~*~*~ (stealth).
  4835 | D:5      | 4835 ||| INVOKING Heroism.
  4888 | D:5      | 4888 ||| Stepping ~*~*~tactically~*~*~ (hiding).
  4954 | D:5      | 4954 ||| INVOKING Heroism.
  5253 | D:5      | Identified the +5 dagger "Coawuifon" {vorpal, rN+}
  5434 | D:5      | 5434 ||| Stepping ~*~*~tactically~*~*~ (stealth).
  5493 | D:5      | Found a burning altar of Makhleb.
  5562 | D:5      | 5562 ||| READING 3 scrolls of identify.
  5562 | D:5      | 5562 ||| IDENTIFYING bubbling brown potion
  5563 | D:5      | 5563 ||| READING 2 scrolls of identify.
  5563 | D:5      | 5563 ||| IDENTIFYING smoky brown potion
  5609 | D:6      | 5609 ||| PLANNING SEWER
  5692 | D:6      | 5692 ||| INVOKING Heroism.
  5745 | D:6      | Found a glowing golden altar of the Shining One.
  5765 | D:6      | 5765 ||| Stepping ~*~*~tactically~*~*~ (stealth).
  5768 | D:6      | 5768 ||| INVOKING Heroism.
  5773 | D:6      | 5773 ||| Stepping ~*~*~tactically~*~*~ (stealth).
  5776 | D:6      | 5776 ||| Stepping ~*~*~tactically~*~*~ (stealth).
  5912 | D:6      | 5912 ||| INVOKING Heroism.
  5914 | D:6      | Reached ** piety under Okawaru
  5915 | D:6      | Reached XP level 9. HP: 54/54 MP: 9/12
  6071 | D:6      | Found a sparkling altar of Nemelex Xobeh.
  6083 | D:6      | Found a glowing drain.
  6084 | D:6      | 6084 ||| READING 3 scrolls labelled JIPEOH XIECEMP.
  6108 | D:6      | 6108 ||| Stepping ~*~*~tactically~*~*~ (stealth).
  6110 | D:6      | 6110 ||| INVOKING Heroism.
  6119 | D:6      | 6119 ||| Stepping ~*~*~tactically~*~*~ (hiding).
  6172 | D:6      | Found a glowing silver altar of Zin.
  6172 | D:6      | Noticed an angel
  6173 | D:6      | 6173 ||| UPGRADING to amulet of the acrobat.
  6211 | D:6      | 6211 ||| RIP SEWER
  6243 | D:6      | 6243 ||| PLANNING D:1-11
  6243 | D:6      | 6243 ||| READING 3 scrolls of brand weapon.
  6243 | D:6      | 6243 ||| BRANDING +0 war axe of electrocution.
  6250 | D:6      | Reached skill level 6 in Fighting
  6426 | D:7      | 6426 ||| Stepping ~*~*~tactically~*~*~ (hiding).
  6444 | D:7      | 6444 ||| INVOKING Heroism.
  6475 | D:7      | Found a blossoming altar of Fedhas.
  6475 | D:7      | Found a bloodstained altar of Trog.
  6525 | D:7      | Found a snail-covered altar of Cheibriados.
  6529 | D:7      | 6529 ||| Stepping ~*~*~tactically~*~*~ (stealth).
  6534 | D:7      | 6534 ||| INVOKING Heroism.
  6539 | D:7      | Reached skill level 9 in Axes
  6625 | D:7      | 6625 ||| Stepping ~*~*~tactically~*~*~ (hiding).
  6683 | D:7      | 6683 ||| INVOKING Heroism.
  6689 | D:7      | Reached skill level 4 in Shields
  6820 | D:7      | Reached *** piety under Okawaru
  6830 | D:7      | 6830 ||| Stepping ~*~*~tactically~*~*~ (hiding).
  6834 | D:7      | 6834 ||| Stepping ~*~*~tactically~*~*~ (hiding).
  6870 | D:7      | Found a sacrificial altar of Ru.
  7021 | D:7      | 7021 ||| UPGRADING to +2 cloak.
  7108 | D:8      | 7108 ||| INVOKING Heroism.
  7147 | D:8      | Found Yssidahuo's Antique Weapon Shoppe.
  7173 | D:8      | 7173 ||| INVOKING Heroism.
  7192 | D:8      | Found a runed translucent door.
  7198 | D:8      | Found the +10 tower shield of Ignorance {rN+ Int-4}
  7205 | D:8      | Found a runed translucent door.
  7254 | D:8      | Reached skill level 6 in Armour
  7254 | D:8      | Reached XP level 10. HP: 63/63 MP: 13/13
  7338 | D:8      | Found an opulent altar of Gozag.
  7433 | D:8      | 7433 ||| INVOKING Heroism.
  7513 | D:8      | Noticed an orange crystal statue
  7534 | D:8      | Found a shimmering blue altar of Sif Muna.
  7585 | D:8      | Noticed Pikel
  7588 | D:8      | 7588 ||| INVOKING Heroism.
  7600 | D:8      | Killed Pikel
  7600 | D:8      | Reached **** piety under Okawaru
  7735 | D:8      | Found a stormy altar of Qazlal.
  7912 | D:8      | 7912 ||| INVOKING Heroism.
  8041 | D:8      | 8041 ||| DROPPING ring of positive energy.
  8042 | D:8      | 8042 ||| UPGRADING to +4 ring of evasion.
  8044 | D:8      | 8044 ||| DRINKING 2 metallic pink potions.
  8045 | D:8      | 8045 ||| DROPPING potion of brilliance.
  8157 | D:9      | Identified the +5 chain mail of Ruploman {Harm rF+ rCorr
                  | Slay+3}
  8157 | D:9      | Noticed Grum
  8158 | D:9      | 8158 ||| INVOKING Heroism.
  8167 | D:9      | Received a gift from Okawaru
  8171 | D:9      | Killed Grum
  8268 | D:9      | Found a staircase to the Lair.
  8270 | D:9      | 8270 ||| INVOKING Heroism.
  8283 | D:9      | Reached skill level 6 in Invocations
  8286 | D:9      | Reached skill level 5 in Shields
  8304 | D:9      | 8304 ||| INVOKING Heroism.
  8326 | D:9      | Reached XP level 11. HP: 50/68 MP: 16/16
  8503 | D:9      | 8503 ||| Stepping ~*~*~tactically~*~*~ (cloud).
  8504 | D:9      | 8504 ||| Stepping ~*~*~tactically~*~*~ (cloud).
  8507 | D:9      | 8507 ||| INVOKING Heroism.
  8529 | D:9      | 8529 ||| READING scroll of acquirement.
  8529 | D:9      | 8529 ||| ACQUIRING +0 pair of boots of the Doldrums {-Cast
                  | rC+ Stlth+}
  8529 | D:9      | Acquired the +0 pair of boots of the Doldrums {-Cast rC+
                  | Stlth+}
  8531 | D:9      | 8531 ||| UPGRADING to +0 pair of boots of the Doldrums
                  | {-Cast rC+ Stlth+}.
  8759 | D:9      | 8759 ||| INVOKING Heroism.
  8761 | D:9      | 8761 ||| Stepping ~*~*~tactically~*~*~ (cloud).
  8843 | D:9      | 8843 ||| UPGRADING to +0 helmet.
  8848 | D:9      | 8848 ||| READING scroll of enchant armour.
  8848 | D:9      | 8848 ||| ENCHANTING +0 helmet.
  9001 | D:9      | 9001 ||| PLANNING LAIR
  9054 | Lair:1   | Entered Level 1 of the Lair of Beasts
  9065 | Lair:1   | 9065 ||| INVOKING Heroism.
  9098 | Lair:1   | 9098 ||| INVOKING Heroism.
  9204 | Lair:1   | 9204 ||| Stepping ~*~*~tactically~*~*~ (stealth).
  9230 | Lair:1   | 9230 ||| INVOKING Heroism.
  9255 | Lair:1   | 9255 ||| INVOKING Heroism.
  9306 | Lair:1   | 9306 ||| INVOKING Heroism.
  9313 | Lair:1   | Reached ***** piety under Okawaru
  9415 | Lair:1   | Noticed Amaemon
  9416 | Lair:1   | 9416 ||| INVOKING Heroism.
  9424 | Lair:1   | Reached skill level 9 in Invocations
  9431 | Lair:1   | 9431 ||| INVOKING Heroism.
  9436 | Lair:1   | Killed Amaemon
  9473 | Lair:1   | 9473 ||| DROPPING +0 flail.
  9591 | Lair:1   | 9591 ||| UPGRADING to +0 pair of gloves.
  9596 | Lair:1   | 9596 ||| READING scroll labelled AVEOTE YNEN.
  9638 | Lair:2   | 9638 ||| INVOKING Heroism.
  9655 | Lair:2   | Reached skill level 9 in Fighting
  9665 | Lair:2   | 9665 ||| FLEEEEING.
  9666 | Lair:2   | 9666 ||| FLEEEEING.
  9667 | Lair:2   | 9667 ||| FLEEEEING.
  9668 | Lair:2   | 9668 ||| FLEEEEING.
  9669 | Lair:2   | 9669 ||| FLEEEEING.
  9670 | Lair:2   | 9670 ||| FLEEEEING.
  9671 | Lair:2   | 9671 ||| STAIRDANCE
  9734 | Lair:2   | 9734 ||| INVOKING Heroism.
  9839 | Lair:2   | 9839 ||| INVOKING Heroism.
  9858 | Lair:2   | Reached XP level 12. HP: 76/76 MP: 19/19
  9872 | Lair:2   | Reached skill level 9 in Armour
 10058 | Lair:2   | Found a staircase to the Swamp.
 10074 | Lair:2   | 10074 ||| INVOKING Heroism.
 10128 | Lair:2   | 10128 ||| INVOKING Heroism.
 10156 | Lair:2   | Received a gift from Okawaru
 10158 | Lair:2   | Noticed a six-headed hydra
 10158 | Lair:2   | 10158 ||| INVOKING Finesse.
 10161 | Lair:2   | 10161 ||| SWAPPING to +0 demon whip of venom.
 10172 | Lair:2   | Killed a six-headed hydra
 10173 | Lair:2   | 10173 ||| SWAPPING to +0 spectral war axe.
 10302 | Lair:2   | 10302 ||| INVOKING Heroism.
 10310 | Lair:2   | Reached skill level 12 in Axes
 10316 | Lair:2   | Reached skill level 6 in Shields
 10420 | Lair:2   | 10420 ||| Stepping ~*~*~tactically~*~*~ (stealth).
 10422 | Lair:2   | 10422 ||| INVOKING Heroism.
 10535 | Lair:2   | 10535 ||| Stepping ~*~*~tactically~*~*~ (stealth).
 10538 | Lair:2   | 10538 ||| Stepping ~*~*~tactically~*~*~ (cloud).
 10540 | Lair:2   | 10540 ||| INVOKING Heroism.
 10545 | Lair:2   | 10545 ||| Stepping ~*~*~tactically~*~*~ (cloud).
 10671 | Lair:2   | 10671 ||| INVOKING Heroism.
 10749 | Lair:2   | 10749 ||| INVOKING Heroism.
 10751 | Lair:2   | Identified the +1 plate armour "Jyol" {+Blink} (Okawaru
                  | gifted it to you on level 2 of the Lair of Beasts)
 10751 | Lair:2   | Received a gift from Okawaru
 10875 | Lair:2   | Found a staircase to the Snake Pit.
 10877 | Lair:2   | 10877 ||| Stepping ~*~*~tactically~*~*~ (stealth).
 10884 | Lair:2   | Reached ****** piety under Okawaru
 11010 | Lair:2   | 11010 ||| Stepping ~*~*~tactically~*~*~ (stealth).
 11024 | Lair:2   | 11024 ||| Stepping ~*~*~tactically~*~*~ (stealth).
 11030 | Lair:2   | 11030 ||| INVOKING Heroism.
 11066 | Lair:2   | 11066 ||| Stepping ~*~*~tactically~*~*~ (stealth).
 11068 | Lair:2   | 11068 ||| Stepping ~*~*~tactically~*~*~ (stealth).
 11081 | Lair:2   | 11081 ||| Stepping ~*~*~tactically~*~*~ (stealth).
 11113 | Lair:2   | 11113 ||| Stepping ~*~*~tactically~*~*~ (stealth).
 11116 | Lair:2   | 11116 ||| Stepping ~*~*~tactically~*~*~ (stealth).
 11117 | Lair:2   | 11117 ||| Stepping ~*~*~tactically~*~*~ (stealth).
 11131 | Lair:2   | 11131 ||| Stepping ~*~*~tactically~*~*~ (stealth).
 11134 | Lair:2   | 11134 ||| Stepping ~*~*~tactically~*~*~ (stealth).
 11135 | Lair:2   | 11135 ||| Stepping ~*~*~tactically~*~*~ (stealth).
 11137 | Lair:2   | 11137 ||| INVOKING Heroism.
 11267 | Lair:2   | Noticed a boulder beetle
 11268 | Lair:2   | 11268 ||| Stepping ~*~*~tactically~*~*~ (hiding).
 11273 | Lair:2   | 11273 ||| INVOKING Heroism.
 11274 | Lair:2   | 11274 ||| INVOKING Finesse.
 11293 | Lair:2   | Killed a boulder beetle
 11296 | Lair:2   | 11296 ||| Stepping ~*~*~tactically~*~*~ (stealth).
 11297 | Lair:2   | 11297 ||| Stepping ~*~*~tactically~*~*~ (stealth).
 11301 | Lair:2   | 11301 ||| Stepping ~*~*~tactically~*~*~ (stealth).
 11328 | Lair:2   | 11328 ||| Stepping ~*~*~tactically~*~*~ (stealth).
 11339 | Lair:2   | 11339 ||| Stepping ~*~*~tactically~*~*~ (stealth).
 11346 | Lair:2   | 11346 ||| Stepping ~*~*~tactically~*~*~ (stealth).
 11356 | Lair:2   | 11356 ||| INVOKING Heroism.
 11358 | Lair:2   | 11358 ||| Stepping ~*~*~tactically~*~*~ (stealth).
 11397 | Lair:2   | 11397 ||| INVOKING Heroism.
 11684 | Lair:2   | 11684 ||| DROPPING +1 plate armour "Jyol" {+Blink}.
 11691 | Lair:3   | 11691 ||| INVOKING Heroism.
 11692 | Lair:3   | 11692 ||| STAIRDANCE
 11707 | Lair:3   | 11707 ||| STAIRDANCE
 11744 | Lair:3   | 11744 ||| STAIRDANCE
 11746 | Lair:2   | 11746 ||| INVOKING Heroism.
 11754 | Lair:2   | Reached XP level 13. HP: 36/82 MP: 18/20
 11966 | Lair:3   | 11966 ||| Stepping ~*~*~tactically~*~*~ (stealth).
 11968 | Lair:3   | 11968 ||| INVOKING Heroism.
 11989 | Lair:3   | You are sucked into a shaft and drop 2 floors!
 11989 | Lair:5   | Entered Level 5 of the Lair of Beasts
 12057 | Lair:5   | Noticed Sonja
 12059 | Lair:5   | 12059 ||| INVOKING Finesse.
 12072 | Lair:5   | Killed Sonja
 12144 | Lair:5   | 12144 ||| INVOKING Heroism.
 12155 | Lair:5   | Found a runed translucent door.
 12155 | Lair:5   | Noticed an ice dragon
 12184 | Lair:5   | 12184 ||| Stepping ~*~*~tactically~*~*~ (stealth).
 12192 | Lair:5   | 12192 ||| Stepping ~*~*~tactically~*~*~ (stealth).
 12193 | Lair:5   | 12193 ||| Stepping ~*~*~tactically~*~*~ (stealth).
 12194 | Lair:5   | 12194 ||| Stepping ~*~*~tactically~*~*~ (stealth).
 12208 | Lair:5   | 12208 ||| INVOKING Heroism.
 12229 | Lair:5   | HP: 14/82 [lindwurm (9)]
 12230 | Lair:5   | 12230 ||| READING 4 scrolls of teleportation.
 12231 | Lair:5   | 12231 ||| DRINKING potion of heal wounds.
 12509 | Lair:5   | Found a staircase to the Slime Pits.
 12509 | Lair:5   | Found a viscous altar of Jiyva.
 12527 | Lair:5   | 12527 ||| READING scroll of enchant weapon.
 12527 | Lair:5   | 12527 ||| ENCHANTING +0 spectral war axe.
 12552 | Lair:5   | 12552 ||| Stepping ~*~*~tactically~*~*~ (stealth).
 12553 | Lair:5   | 12553 ||| INVOKING Heroism.
 12573 | Lair:5   | 12573 ||| READING scroll labelled RIYMEIN TEIBIBB.
 12574 | Lair:5   | 12574 ||| READING 5 scrolls of identify.
 12574 | Lair:5   | 12574 ||| IDENTIFYING dark potion
 12575 | Lair:5   | 12575 ||| DROPPING potion of berserk rage.
 12585 | Lair:4   | 12585 ||| INVOKING Heroism.
 12608 | Lair:4   | 12608 ||| Stepping ~*~*~tactically~*~*~ (stealth).
 12609 | Lair:4   | 12609 ||| Stepping ~*~*~tactically~*~*~ (stealth).
 12610 | Lair:4   | 12610 ||| Stepping ~*~*~tactically~*~*~ (stealth).
 12611 | Lair:4   | 12611 ||| Stepping ~*~*~tactically~*~*~ (stealth).
 12704 | Lair:4   | 12704 ||| READING 5 scrolls of identify.
 12704 | Lair:4   | 12704 ||| IDENTIFYING sedimented orange potion
 12794 | Lair:3   | 12794 ||| INVOKING Heroism.
 12804 | Lair:3   | 12804 ||| Stepping ~*~*~tactically~*~*~ (hiding).
 12809 | Lair:3   | Reached skill level 7 in Shields
 12810 | Lair:3   | Received a gift from Okawaru
 12818 | Lair:3   | 12818 ||| INVOKING Heroism.
 12826 | Lair:3   | 12826 ||| Stepping ~*~*~tactically~*~*~ (stealth).
 12839 | Lair:3   | 12839 ||| Stepping ~*~*~tactically~*~*~ (stealth).
 12842 | Lair:3   | 12842 ||| Stepping ~*~*~tactically~*~*~ (stealth).
 12843 | Lair:3   | 12843 ||| Stepping ~*~*~tactically~*~*~ (stealth).
 12987 | Lair:3   | 12987 ||| Stepping ~*~*~tactically~*~*~ (stealth).
 12992 | Lair:3   | Received a gift from Okawaru
 12998 | Lair:3   | 12998 ||| Stepping ~*~*~tactically~*~*~ (stealth).
 13030 | Lair:3   | 13030 ||| INVOKING Heroism.
 13228 | Lair:3   | Identified the +4 trident of Collusion {spect, rElec rC-
                  | rCorr Dex+4}
 13250 | Lair:3   | Found an ornate altar of the Wu Jian Council.
 13251 | Lair:3   | 13251 ||| INVOKING Heroism.
 13252 | Lair:3   | 13252 ||| INVOKING Finesse.
 13323 | Lair:3   | Found a hide-covered altar of Uskayaw.
 13349 | Lair:3   | 13349 ||| INVOKING Heroism.
 13350 | Lair:3   | 13350 ||| INVOKING Finesse.
 13427 | Lair:3   | 13427 ||| Stepping ~*~*~tactically~*~*~ (stealth).
 13429 | Lair:3   | 13429 ||| Stepping ~*~*~tactically~*~*~ (stealth).
 13430 | Lair:3   | 13430 ||| INVOKING Heroism.
 13432 | Lair:3   | 13432 ||| Stepping ~*~*~tactically~*~*~ (stealth).
 13435 | Lair:3   | Reached skill level 3 in Throwing
 13796 | Lair:4   | 13796 ||| INVOKING Heroism.
 13797 | Lair:4   | 13797 ||| INVOKING Finesse.
 13805 | Lair:4   | Identified the +1 robe "Wiepsa" {Fly rF+} (Okawaru gifted
                  | it to you on level 4 of the Lair of Beasts)
 13805 | Lair:4   | Received a gift from Okawaru
 13937 | Lair:4   | 13937 ||| Stepping ~*~*~tactically~*~*~ (stealth).
 13939 | Lair:4   | 13939 ||| INVOKING Heroism.
 13955 | Lair:4   | Gained mutation: Your large and strong wings let you fly.
                  | [Gargoyle growth]
 13955 | Lair:4   | Reached XP level 14. HP: 74/90 MP: 21/21
 14026 | Lair:4   | 14026 ||| READING scroll of enchant armour.
 14026 | Lair:4   | 14026 ||| ENCHANTING +0 pair of gloves.
 14328 | Lair:4   | 14328 ||| INVOKING Heroism.
 14329 | Lair:4   | 14329 ||| INVOKING Finesse.
 14331 | Lair:4   | 14331 ||| SWAPPING to +0 demon whip of venom.
 14340 | Lair:4   | 14340 ||| SWAPPING to +1 spectral war axe.
 14399 | Lair:4   | 14399 ||| INVOKING Heroism.
 14400 | Lair:4   | 14400 ||| INVOKING Finesse.
 14709 | Lair:4   | 14709 ||| UPGRADING to +0 tower shield.
 14719 | Lair:4   | 14719 ||| DROPPING +0 buckler.
 14720 | Lair:4   | 14720 ||| UPGRADING to +6 ring of dexterity.
 14722 | Lair:4   | 14722 ||| READING scroll labelled VOCKAM LATUA.
 15013 | Lair:5   | 15013 ||| Stepping ~*~*~tactically~*~*~ (stealth).
 15017 | Lair:5   | 15017 ||| Stepping ~*~*~tactically~*~*~ (stealth).
 15018 | Lair:5   | 15018 ||| Stepping ~*~*~tactically~*~*~ (stealth).
 15022 | Lair:5   | Reached skill level 8 in Shields
 15113 | Lair:5   | 15113 ||| Stepping ~*~*~tactically~*~*~ (hiding).
 15240 | Lair:5   | 15240 ||| INVOKING Heroism.
 15525 | Lair:5   | 15525 ||| INVOKING Heroism.
 15529 | Lair:5   | 15529 ||| Stepping ~*~*~tactically~*~*~ (stealth).
 15532 | Lair:5   | Reached skill level 9 in Shields
 15617 | Lair:5   | 15617 ||| FLEEEEING.
 15618 | Lair:5   | 15618 ||| FLEEEEING.
 15619 | Lair:5   | 15619 ||| FLEEEEING.
 15620 | Lair:5   | 15620 ||| FLEEEEING.
 15621 | Lair:5   | 15621 ||| FLEEEEING.
 15622 | Lair:5   | 15622 ||| FLEEEEING.
 15623 | Lair:5   | 15623 ||| FLEEEEING.
 15624 | Lair:5   | 15624 ||| FLEEEEING.
 15625 | Lair:5   | 15625 ||| FLEEEEING.
 15627 | Lair:5   | 15627 ||| FLEEEEING.
 15628 | Lair:5   | 15628 ||| FLEEEEING.
 15629 | Lair:5   | 15629 ||| FLEEEEING.
 15630 | Lair:5   | 15630 ||| FLEEEEING.
 15631 | Lair:5   | 15631 ||| FLEEEEING.
 15632 | Lair:5   | 15632 ||| INVOKING Heroism.
 15717 | Lair:5   | 15717 ||| INVOKING Heroism.
 15889 | Lair:5   | 15889 ||| INVOKING Heroism.
 16132 | Lair:5   | 16132 ||| PLANNING D:1-11
 16241 | D:10     | Entered Level 10 of the Dungeon
 16242 | D:10     | 16242 ||| STAIRDANCE
 16247 | D:10     | 16247 ||| STAIRDANCE
 16272 | D:10     | 16272 ||| DRINKING 6 potions of curing.
 16272 | D:10     | 16272 ||| (to cure confusion)
 16274 | D:10     | Found a staircase to the Orcish Mines.
 16293 | D:10     | Reached skill level 10 in Shields
 16305 | D:10     | 16305 ||| INVOKING Heroism.
 16315 | D:10     | 16315 ||| Stepping ~*~*~tactically~*~*~ (cloud).
 16385 | D:10     | 16385 ||| Stepping ~*~*~tactically~*~*~ (hiding).
 16526 | D:10     | Found a transporter.
 16530 | D:10     | 16530 ||| Stepping ~*~*~tactically~*~*~ (stealth).
 16536 | D:10     | Found a transporter.
 16597 | D:10     | 16597 ||| INVOKING Heroism.
 16937 | D:10     | 16937 ||| INVOKING Heroism.
 17072 | D:10     | 17072 ||| READING scroll labelled BUINTA YRPHOMI.
 17182 | D:11     | 17182 ||| INVOKING Heroism.
 17183 | D:11     | 17183 ||| INVOKING Finesse.
 17273 | D:11     | 17273 ||| Stepping ~*~*~tactically~*~*~ (hiding).
 17279 | D:11     | 17279 ||| Stepping ~*~*~tactically~*~*~ (stealth).
 17281 | D:11     | 17281 ||| INVOKING Heroism.
 17288 | D:11     | 17288 ||| Stepping ~*~*~tactically~*~*~ (hiding).
 17295 | D:11     | Reached skill level 11 in Shields
 17316 | D:11     | 17316 ||| INVOKING Heroism.
 17321 | D:11     | 17321 ||| FLEEEEING.
 17322 | D:11     | 17322 ||| FLEEEEING.
 17323 | D:11     | 17323 ||| FLEEEEING.
 17324 | D:11     | 17324 ||| FLEEEEING.
 17325 | D:11     | 17325 ||| FLEEEEING.
 17326 | D:11     | 17326 ||| FLEEEEING.
 17527 | D:11     | 17527 ||| INVOKING Heroism.
 17528 | D:11     | 17528 ||| SWAPPING to +0 broad axe.
 17539 | D:11     | 17539 ||| DROPPING +1 spectral war axe.
 17540 | D:11     | 17540 ||| READING 2 scrolls of brand weapon.
 17540 | D:11     | 17540 ||| BRANDING +0 broad axe.
 17541 | D:11     | 17541 ||| READING scroll of brand weapon.
 17541 | D:11     | 17541 ||| BRANDING +0 broad axe of protection.
 17542 | D:11     | 17542 ||| DROPPING +0 demon whip of venom.
 17731 | D:11     | 17731 ||| INVOKING Heroism.
 17818 | D:11     | 17818 ||| PLANNING D
 17818 | D:11     | 17818 ||| DROPPING +6 ring of intelligence.
 17819 | D:11     | 17819 ||| READING scroll labelled EQU REUSHAUCK.
 17855 | D:12     | Received a gift from Okawaru
 17951 | D:12     | 17951 ||| INVOKING Heroism.
 17968 | D:12     | 17968 ||| DRINKING 7 potions of curing.
 17968 | D:12     | 17968 ||| (to cure confusion)
 17971 | D:12     | 17971 ||| DRINKING 6 potions of curing.
 17971 | D:12     | 17971 ||| (to cure confusion)
 17973 | D:12     | 17973 ||| DRINKING 5 potions of curing.
 17973 | D:12     | 17973 ||| (to cure confusion)
 17975 | D:12     | Reached skill level 12 in Shields
 18157 | D:12     | 18157 ||| INVOKING Heroism.
 18214 | D:12     | Found a white marble altar of Elyvilon.
 18303 | D:12     | Received a gift from Okawaru
 18363 | D:12     | Reached skill level 13 in Shields
 18379 | D:12     | 18379 ||| DRINKING 4 potions of curing.
 18379 | D:12     | 18379 ||| (to cure confusion)
 18485 | D:12     | 18485 ||| DRINKING 3 potions of curing.
 18485 | D:12     | 18485 ||| (to cure confusion)
 18566 | D:12     | Found a runed translucent gate.
 18566 | D:12     | Found a runed translucent gate.
 18566 | D:12     | Found a runed translucent gate.
 18599 | D:12     | 18599 ||| INVOKING Heroism.
 18632 | D:12     | 18632 ||| Stepping ~*~*~tactically~*~*~ (stealth).
 18642 | D:12     | Reached XP level 15. HP: 94/94 MP: 22/22
 18725 | D:12     | 18725 ||| Stepping ~*~*~tactically~*~*~ (hiding).
 18727 | D:12     | 18727 ||| INVOKING Heroism.
 18761 | D:12     | 18761 ||| INVOKING Heroism.
 18769 | D:12     | Reached skill level 14 in Shields
 18779 | D:12     | Noticed an orc warlord
 18780 | D:12     | 18780 ||| FLEEEEING.
 18781 | D:12     | 18781 ||| FLEEEEING.
 18782 | D:12     | 18782 ||| FLEEEEING.
 18783 | D:12     | 18783 ||| FLEEEEING.
 18784 | D:12     | 18784 ||| FLEEEEING.
 18785 | D:12     | 18785 ||| FLEEEEING.
 18786 | D:12     | 18786 ||| FLEEEEING.
 18787 | D:12     | 18787 ||| FLEEEEING.
 18788 | D:12     | 18788 ||| FLEEEEING.
 18789 | D:12     | 18789 ||| FLEEEEING.
 18790 | D:12     | 18790 ||| STAIRDANCE
 19029 | D:12     | 19029 ||| INVOKING Heroism.
 19030 | D:12     | 19030 ||| INVOKING Finesse.
 19050 | D:12     | Killed an orc warlord
 19051 | D:12     | Reached skill level 3 in Dodging
 19353 | D:12     | Noticed Naggiasi's ghost (journeyman KoBr)
 19371 | D:13     | 19371 ||| STAIRDANCE
 19489 | D:13     | 19489 ||| READING scroll of enchant armour.
 19489 | D:13     | 19489 ||| ENCHANTING +1 pair of gloves.
 19597 | D:13     | 19597 ||| INVOKING Heroism.
 19913 | D:13     | 19913 ||| Stepping ~*~*~tactically~*~*~ (hiding).
 19914 | D:13     | 19914 ||| Stepping ~*~*~tactically~*~*~ (hiding).
 19926 | D:13     | 19926 ||| Stepping ~*~*~tactically~*~*~ (hiding).
 19928 | D:13     | 19928 ||| Stepping ~*~*~tactically~*~*~ (hiding).
 19934 | D:13     | 19934 ||| INVOKING Heroism.
 19938 | D:13     | Received a gift from Okawaru
 19963 | D:13     | 19963 ||| Stepping ~*~*~tactically~*~*~ (hiding).
 20153 | D:13     | 20153 ||| INVOKING Heroism.
 20172 | D:13     | 20172 ||| Stepping ~*~*~tactically~*~*~ (hiding).
 20189 | D:13     | Identified the +8 broad axe of Wivurch {vorpal, rElec rC-
                  | Dex+6} (Okawaru gifted it to you on level 13 of the
                  | Dungeon)
 20189 | D:13     | Received a gift from Okawaru
 20268 | D:13     | 20268 ||| SWAPPING to +8 broad axe of Wivurch {vorpal,
                  | rElec rC- Dex+6}.
 20272 | D:13     | Found a gate to the Vaults.
 20541 | D:13     | 20541 ||| DROPPING ring of willpower.
 20542 | D:13     | 20542 ||| UPGRADING to ring of protection from cold.
 20585 | D:14     | Reached skill level 15 in Shields
 20778 | D:14     | 20778 ||| Stepping ~*~*~tactically~*~*~ (stealth).
 20780 | D:14     | 20780 ||| Stepping ~*~*~tactically~*~*~ (stealth).
 20782 | D:14     | 20782 ||| Stepping ~*~*~tactically~*~*~ (stealth).
 20784 | D:14     | 20784 ||| INVOKING Heroism.
 20971 | D:14     | 20971 ||| Stepping ~*~*~tactically~*~*~ (hiding).
 21173 | D:14     | 21173 ||| INVOKING Heroism.
 21454 | D:14     | 21454 ||| READING 12 scrolls of identify.
 21454 | D:14     | 21454 ||| IDENTIFYING fizzy pink potion
 21466 | D:15     | Entered Level 15 of the Dungeon
 21471 | D:15     | 21471 ||| INVOKING Heroism.
 21472 | D:15     | 21472 ||| SWAPPING to +0 broad axe of flaming.
 21481 | D:15     | 21481 ||| SWAPPING to +8 broad axe of Wivurch {vorpal,
                  | rElec rC- Dex+6}.
 21490 | D:15     | Reached skill level 16 in Shields
 21502 | D:15     | Received a gift from Okawaru
 21526 | D:15     | Found a staircase to the Depths.
 21761 | D:15     | 21761 ||| INVOKING Heroism.
 21846 | D:15     | 21846 ||| FLEEEEING.
 21847 | D:15     | 21847 ||| FLEEEEING.
 21870 | D:15     | 21870 ||| Stepping ~*~*~tactically~*~*~ (stealth).
 21880 | D:15     | Reached skill level 15 in Axes
 21919 | D:15     | 21919 ||| INVOKING Heroism.
 21921 | D:15     | 21921 ||| Stepping ~*~*~tactically~*~*~ (stealth).
 21922 | D:15     | 21922 ||| Stepping ~*~*~tactically~*~*~ (stealth).
 21926 | D:15     | 21926 ||| Stepping ~*~*~tactically~*~*~ (stealth).
 22098 | D:15     | 22098 ||| INVOKING Heroism.
 22105 | D:15     | Identified the +4 scale mail of Memic {rElec rPois rC-
                  | Dex+4} (Okawaru gifted it to you on level 15 of the
                  | Dungeon)
 22105 | D:15     | Received a gift from Okawaru
 22473 | D:15     | 22473 ||| PLANNING ORC
 22473 | D:15     | 22473 ||| UPGRADING to +2 helmet.
 22483 | D:15     | 22483 ||| DROPPING +1 helmet.
 22627 | Orc:1    | Entered Level 1 of the Orcish Mines
 22631 | Orc:1    | Noticed Nergalle
 22632 | Orc:1    | 22632 ||| Stepping ~*~*~tactically~*~*~ (hiding).
 22641 | Orc:1    | Killed Nergalle
 22670 | Orc:1    | 22670 ||| Stepping ~*~*~tactically~*~*~ (hiding).
 22675 | Orc:1    | 22675 ||| INVOKING Heroism.
 22758 | Orc:1    | 22758 ||| Stepping ~*~*~tactically~*~*~ (stealth).
 22760 | Orc:1    | 22760 ||| Stepping ~*~*~tactically~*~*~ (hiding).
 22766 | Orc:1    | 22766 ||| INVOKING Heroism.
 22938 | Orc:1    | 22938 ||| INVOKING Heroism.
 23052 | Orc:1    | 23052 ||| Stepping ~*~*~tactically~*~*~ (hiding).
 23057 | Orc:1    | 23057 ||| Stepping ~*~*~tactically~*~*~ (hiding).
 23073 | Orc:1    | Noticed Fannar
 23076 | Orc:1    | Killed Fannar
 23161 | Orc:1    | 23161 ||| Stepping ~*~*~tactically~*~*~ (hiding).
 23176 | Orc:1    | 23176 ||| INVOKING Heroism.
 23178 | Orc:1    | 23178 ||| Stepping ~*~*~tactically~*~*~ (stealth).
 23188 | Orc:1    | Noticed Snorg
 23189 | Orc:1    | 23189 ||| INVOKING Finesse.
 23203 | Orc:1    | Killed Snorg
 23288 | Orc:1    | 23288 ||| Stepping ~*~*~tactically~*~*~ (stealth).
 23290 | Orc:1    | 23290 ||| Stepping ~*~*~tactically~*~*~ (stealth).
 23302 | Orc:1    | Found a runed translucent door.
 23303 | Orc:1    | Noticed Ullipcorian's ghost (adept MfGl)
 23372 | Orc:2    | Entered Level 2 of the Orcish Mines
 23372 | Orc:2    | Noticed Nessos
 23373 | Orc:2    | 23373 ||| Stepping ~*~*~tactically~*~*~ (hiding).
 23375 | Orc:2    | 23375 ||| INVOKING Finesse.
 23377 | Orc:2    | 23377 ||| STAIRDANCE
 23384 | Orc:1    | 23384 ||| DRINKING 3 potions of curing.
 23384 | Orc:1    | 23384 ||| (to cure confusion)
 23386 | Orc:1    | Killed Nessos
 23387 | Orc:1    | Reached skill level 12 in Fighting
 23387 | Orc:1    | Reached XP level 16. HP: 101/101 MP: 18/23
 23391 | Orc:2    | 23391 ||| Stepping ~*~*~tactically~*~*~ (hiding).
 23414 | Orc:2    | 23414 ||| Stepping ~*~*~tactically~*~*~ (stealth).
 23433 | Orc:2    | 23433 ||| Stepping ~*~*~tactically~*~*~ (stealth).
 23456 | Orc:2    | 23456 ||| INVOKING Heroism.
 23460 | Orc:2    | 23460 ||| Stepping ~*~*~tactically~*~*~ (hiding).
 23462 | Orc:2    | 23462 ||| Stepping ~*~*~tactically~*~*~ (hiding).
 23463 | Orc:2    | 23463 ||| Stepping ~*~*~tactically~*~*~ (hiding).
 23482 | Orc:2    | 23482 ||| Stepping ~*~*~tactically~*~*~ (hiding).
 23483 | Orc:2    | 23483 ||| Stepping ~*~*~tactically~*~*~ (hiding).
 23575 | Orc:2    | 23575 ||| Stepping ~*~*~tactically~*~*~ (stealth).
 23577 | Orc:2    | 23577 ||| Stepping ~*~*~tactically~*~*~ (stealth).
 23581 | Orc:2    | Found Ytoum's General Store.
 23591 | Orc:2    | 23591 ||| INVOKING Heroism.
 23622 | Orc:2    | 23622 ||| Stepping ~*~*~tactically~*~*~ (hiding).
 23632 | Orc:2    | 23632 ||| INVOKING Heroism.
 23842 | Orc:2    | 23842 ||| BUYING potion of heal wounds (60 gold).
 23842 | Orc:2    | Bought a potion of heal wounds for 60 gold pieces
 23970 | Orc:2    | Found Intynkix's Weapon Emporium.
 23970 | Orc:2    | Found Sooruel's Antique Armour Boutique.
 23970 | Orc:2    | Found Eromu's Antique Weapon Shop.
 23973 | Orc:2    | Found Othracas's General Store.
 23977 | Orc:2    | 23977 ||| INVOKING Heroism.
 24003 | Orc:2    | 24003 ||| BUYING dazzling chain mail (218 gold).
 24003 | Orc:2    | Bought a dazzling chain mail for 218 gold pieces
 24003 | Orc:2    | Identified the +3 chain mail "Foyguwom" {rN+} (You bought
                  | it in a shop on level 2 of the Orcish Mines)
 24003 | Orc:2    | 24003 ||| BUYING masterwork plate armour (644 gold).
 24003 | Orc:2    | Bought a masterwork plate armour for 644 gold pieces
 24003 | Orc:2    | Identified the +1 plate armour of Vexation {rF- rC+ Will+
                  | Slay+4} (You bought it in a shop on level 2 of the Orcish
                  | Mines)
 24010 | Orc:2    | 24010 ||| BUYING +2 chain mail of cold resistance (215
                  | gold).
 24010 | Orc:2    | Bought a +2 chain mail of cold resistance for 215 gold
                  | pieces
 24010 | Orc:2    | 24010 ||| BUYING potion of might (40 gold).
 24010 | Orc:2    | Bought a potion of might for 40 gold pieces
 24048 | Orc:2    | 24048 ||| Stepping ~*~*~tactically~*~*~ (stealth).
 24049 | Orc:2    | 24049 ||| Stepping ~*~*~tactically~*~*~ (stealth).
 24061 | Orc:2    | 24061 ||| Stepping ~*~*~tactically~*~*~ (stealth).
 24084 | Orc:2    | Found a staircase to the Elven Halls.
 24168 | Orc:2    | 24168 ||| INVOKING Heroism.
 24292 | Orc:2    | 24292 ||| Stepping ~*~*~tactically~*~*~ (stealth).
 24299 | Orc:2    | 24299 ||| Stepping ~*~*~tactically~*~*~ (stealth).
 24513 | Orc:2    | 24513 ||| DROPPING +3 chain mail "Foyguwom" {rN+}.
 24514 | Orc:2    | 24514 ||| UPGRADING to +1 plate armour of Vexation {rF- rC+
                  | Will+ Slay+4}.
 24524 | Orc:2    | 24524 ||| UPGRADING to +6 ring of dexterity.
 24692 | Orc:1    | Found Nimocan's Armour Emporium.
 24708 | Orc:1    | 24708 ||| BUYING +2 crystal plate armour (920 gold).
 24708 | Orc:1    | Bought a +2 crystal plate armour for 920 gold pieces
 24719 | Orc:1    | 24719 ||| PLANNING SNAKE:1-3
 24719 | Orc:1    | 24719 ||| DROPPING +1 plate armour "Kegedum" {SInv}.
 24720 | Orc:1    | 24720 ||| UPGRADING to +2 crystal plate armour.
 24730 | Orc:1    | 24730 ||| DROPPING +2 chain mail of cold resistance.
 24731 | Orc:1    | 24731 ||| UPGRADING to ring of protection from cold.
 24845 | Snake:1  | Entered Level 1 of the Snake Pit
 24952 | Snake:1  | Found Cume Qimn's Weapon Shop.
 24957 | Snake:1  | 24957 ||| BUYING +2 vampiric war axe (225 gold).
 24957 | Snake:1  | Bought a +2 vampiric war axe for 225 gold pieces
 24981 | Snake:1  | 24981 ||| Stepping ~*~*~tactically~*~*~ (hiding).
 25405 | Snake:1  | 25405 ||| Stepping ~*~*~tactically~*~*~ (hiding).
 25423 | Snake:1  | Reached skill level 12 in Armour
 25544 | Snake:1  | Noticed Mlioglotl
 25545 | Snake:1  | 25545 ||| INVOKING Heroism.
 25553 | Snake:1  | Gained mutation: You occasionally shout uncontrollably at
                  | your foes. [a neqoxec]
 25554 | Snake:1  | HP: 7/101 [Mlioglotl (21)]
 25555 | Snake:1  | 25555 ||| READING 10 scrolls of teleportation.
 25556 | Snake:1  | 25556 ||| DRINKING 3 potions of heal wounds.
 26043 | Snake:1  | 26043 ||| INVOKING Heroism.
 26083 | Snake:1  | Killed Mlioglotl
 26299 | Snake:2  | Noticed a nagaraja
 26300 | Snake:2  | 26300 ||| INVOKING Heroism.
 26308 | Snake:2  | Killed a nagaraja
 26311 | Snake:2  | Received a gift from Okawaru
 26395 | Snake:2  | 26395 ||| Stepping ~*~*~tactically~*~*~ (stealth).
 26737 | Snake:2  | Noticed Kirke
 26738 | Snake:2  | 26738 ||| INVOKING Heroism.
 26743 | Snake:2  | 26743 ||| Stepping ~*~*~tactically~*~*~ (stealth).
 26761 | Snake:2  | Killed Kirke
 26888 | Snake:2  | 26888 ||| Stepping ~*~*~tactically~*~*~ (hiding).
 27221 | Snake:2  | 27221 ||| INVOKING Heroism.
 27334 | Snake:2  | 27334 ||| INVOKING Heroism.
 27344 | Snake:2  | 27344 ||| DRINKING 4 potions of cancellation.
 27485 | Snake:3  | Found Seawud's Book Shop.
 27506 | Snake:3  | Found Boigriumm's Assorted Antiques.
 27511 | Snake:3  | 27511 ||| SHOPLISTING 2 potions of heal wounds (380 gold,
                  | have 316).
 27511 | Snake:3  | 27511 ||| BUYING cabochon ring (190 gold).
 27511 | Snake:3  | Bought a cabochon ring for 190 gold pieces
 27511 | Snake:3  | 27511 ||| SHOPLISTING dented bronze amulet (190 gold, have
                  | 126).
 27511 | Snake:3  | 27511 ||| BUYING potion of lignification (114 gold).
 27511 | Snake:3  | Bought a potion of lignification for 114 gold pieces
 27584 | Snake:3  | Found Bafics's Book Shop.
 27686 | Snake:3  | 27686 ||| Stepping ~*~*~tactically~*~*~ (hiding).
 27719 | Snake:3  | Found Fuog's Jewellery Shoppe.
 27722 | Snake:3  | 27722 ||| Stepping ~*~*~tactically~*~*~ (hiding).
 27726 | Snake:3  | 27726 ||| Stepping ~*~*~tactically~*~*~ (hiding).
 27731 | Snake:3  | 27731 ||| INVOKING Heroism.
 27734 | Snake:3  | Received a gift from Okawaru
 27780 | Snake:3  | 27780 ||| SHOPLISTING +4 ring of slaying (1482 gold, have
                  | 12).
 27780 | Snake:3  | 27780 ||| SHOPLISTING amulet of regeneration (570 gold,
                  | have 12).
 27780 | Snake:3  | 27780 ||| SHOPLISTING ring of fire (475 gold, have 12).
 27816 | Snake:3  | 27816 ||| Stepping ~*~*~tactically~*~*~ (hiding).
 27825 | Snake:3  | 27825 ||| INVOKING Heroism.
 27828 | Snake:3  | 27828 ||| Stepping ~*~*~tactically~*~*~ (hiding).
 27839 | Snake:3  | Received a gift from Okawaru
 27880 | Snake:3  | 27880 ||| Stepping ~*~*~tactically~*~*~ (hiding).
 27987 | Snake:3  | Found a glowing silver altar of Zin.
 28003 | Snake:3  | Noticed Bai Suzhen
 28004 | Snake:3  | 28004 ||| INVOKING Heroism.
 28005 | Snake:3  | 28005 ||| INVOKING Finesse.
 28020 | Snake:3  | Killed Bai Suzhen
 28021 | Snake:3  | 28021 ||| Stepping ~*~*~tactically~*~*~ (cloud).
 28067 | Snake:3  | 28067 ||| Stepping ~*~*~tactically~*~*~ (stealth).
 28097 | Snake:3  | 28097 ||| Stepping ~*~*~tactically~*~*~ (hiding).
 28104 | Snake:3  | Received a gift from Okawaru
 28146 | Snake:3  | Found Vumo Geu's Distillery.
 28152 | Snake:3  | 28152 ||| BUYING potion of heal wounds (60 gold).
 28152 | Snake:3  | Bought a potion of heal wounds for 60 gold pieces
 28152 | Snake:3  | 28152 ||| SHOPLISTING potion of lignification (36 gold,
                  | have 1).
 28152 | Snake:3  | 28152 ||| SHOPLISTING potion of might (48 gold, have 1).
 28249 | Snake:3  | 28249 ||| INVOKING Heroism.
 28249 | Snake:3  | Noticed Saint Roka
 28250 | Snake:3  | 28250 ||| INVOKING Finesse.
 28266 | Snake:3  | HP: 12/101 [Saint Roka/divine providence (15)]
 28266 | Snake:3  | Mangled by an orc warrior

Levels and vault maps discovered:
D:1:      lightli_arrival_isolated_outpost, layout_basic,
          dreamdust_ecumenical_altar_angels_and_demons
D:2:      layout_basic
D:3:      layout_loops_ring, mainiacjoe_overflow_catwalk,
          mainiacjoe_overflow_alcove_1
D:4:      layout_loops_ring, kennysheep_ying_yang, led_xom_imps, temple_green,
          minmay_quadrilaterals
D:5:      layout_loops_cross, mainiacjoe_overflow_alcove_2,
          minmay_misc_feat_secret_circle
D:6:      layout_gridville, tso_metal_star, lemuel_tele_altar, zin_angel,
          gup_sewer_entry_glass
D:7:      layout_rooms, kennysheep_mini, nicolae_overflow_hidden_temple,
          grunt_temple_overflow_open
D:8:      layout_cave_pods, grunt_gozag_breadcrumbs, mainiacjoe_overflow_swirl,
          serial_shops, shop, chequers_guarded_unrand_ignorance, uniq_pikel
D:9:      layout_irregular_city, minmay_lair_entry_grove,
          chequers_serial_rivers_micro_d, kennysheep_donut, uniq_grum
D:10:     gammafunk_beogh_shrine, layout_basic, david_orc_3, minivault_8
D:11:     layout_basic, special_room [special_room_orc]
D:12:     minmay_shrinking_squares, layout_rooms, gammafunk_ghost_spectres,
          serial_undead, serial_undead_b, serial_undead_b, serial_undead_d,
          serial_undead_d, serial_undead_a, serial_undead_e, serial_undead_b,
          serial_undead_c, serial_undead_e, serial_undead_a,
          nicolae_elyvilon_peaceful_grove
D:13:     layout_roguey [special_room_orc], skrybe_vaults_entry_preservation,
          evilmike_butchery
D:14:     layout_long_grid, hangedman_decor_slide_cut
D:15:     hangedman_depths_entry_try_elsewhere_first, layout_stronghold
Temple:   hellmonk_temple_two_chambers
Lair:1:   layout_misc_corridors, chequers_serial_rivers_room_a, uniq_amaemon
Lair:2:   layout_cave_pods, swamp_mist_pool, minmay_snake_entry_six_corridors,
          st_stairs_9, dreamdust_gnoll_shepherd
Lair:3:   layout_roguey, special_room [special_room_mythical_zoo],
          nzn_masters_of_martial_movement, grunt_megastairs_3
Lair:4:   layout_small_grid
Lair:5:   wormcave, layout_long_grid, slime_entry_1, uniq_sonja
Snake:1:  layout_onion_interference, serial_shops, nicolae_shop_hallway_plus,
          uniq_mlioglotl
Snake:2:  dpeg_oklob_gauntlet, layout_onion_interference, uniq_kirke
Snake:3:  layout_concentric_octagons, basic_altar, serial_shops,
          nicolae_shop_hallway_plus, shop, nicolae_shop_advertising_works
          [nicolae_subvault_shop_adworks], nicolae_square_shop,
          nicolae_lakefront_shop, grunt_megastairs_2, uniq_bai_suzhen,
          uniq_saint_roka, uniq_louise
Orc:1:    layout_diamond_mine, serial_shops, shop, gammafunk_ghost_grave,
          uniq_fannar, uniq_nergalle, uniq_snorg
Orc:2:    st_orc_rangers, layout_diamond_mine, serial_shops, shop, uniq_nessos

Skill      XL: |  1  2  3  4  5  6  7  8  9 10 11 12 13 14 15 16 |
---------------+-------------------------------------------------+-----
Axes           | 2 3 4 5 6 7 9 10 11 13 14 15 | 15.9
Throwing       | 1 4 5 |  5.0
Dodging        | 2 4 |  4.1
Fighting       | 4 5 7 8 9 10 11 12 | 12.0
Invocations    | 3 4 7 10 | 10.0
Armour         | 4 6 8 10 11 14 | 14.0
Shields        | 4 5 6 7 13 16 | 16.3

Action                   |  1- 3 |  4- 6 |  7- 9 | 10-12 | 13-15 | 16-18 || total
-------------------------+-------+-------+-------+-------+-------+-------++-------
Melee: War axe           |   121 |    66 |   245 |   400 |   431 |       ||  1263
       Demon whip        |       |       |       |     9 |     6 |       ||    15
       Broad axe         |       |       |       |       |   618 |   430 ||  1048
Throw: Javelin           |    16 |     3 |       |       |    79 |    40 ||   138
       Boomerang         |       |       |    83 |    99 |    92 |     1 ||   275
Invok: Heroism           |       |     1 |    16 |    32 |    47 |    15 ||   111
       Finesse           |       |       |       |     2 |    10 |     2 ||    14
  Use: Scroll            |    10 |     5 |     8 |     3 |    13 |     1 ||    40
       Potion            |     1 |     1 |       |     1 |     8 |     2 ||    13
 Stab: Distracted        |       |       |     1 |     6 |     8 |     1 ||    16
Armor: Scale mail        |    49 |    38 |    20 |       |       |       ||   107
       Plate armour      |       |       |    87 |   139 |   366 |    27 ||   619
       Crystal plate arm |       |       |       |       |       |   102 ||   102
Dodge: Dodged            |    55 |    33 |    85 |   142 |   348 |   126 ||   789
Block: Buckler           |    28 |    18 |    43 |    71 |    40 |       ||   200
       Tower shield      |       |       |       |       |   698 |   412 ||  1110

Table legend:
 A = Non-vault XP
 B = Vault XP
 C = Vault XP percentage of total XP
 D = Non-vault monster count
 E = Vault monster count
 F = Vault count percentage of total count
                 A         B        C        D         E       F
            +---------+---------+-------+---------+---------+-------
      Total |  110933 |   63806 |  36.5 |     583 |     224 |  27.8
            +---------+---------+-------+---------+---------+-------
        D:1 |      40 |       0 |   0.0 |      24 |       0 |   0.0
        D:2 |      25 |       0 |   0.0 |      11 |       0 |   0.0
        D:3 |      86 |       0 |   0.0 |      20 |       0 |   0.0
        D:4 |     669 |     199 |  22.9 |      22 |       7 |  24.1
        D:5 |     729 |       0 |   0.0 |      24 |       0 |   0.0
        D:6 |     898 |       0 |   0.0 |      27 |       0 |   0.0
        D:7 |    1365 |       0 |   0.0 |      27 |       0 |   0.0
        D:8 |    1861 |     629 |  25.3 |      25 |       1 |   3.8
        D:9 |    1016 |    2943 |  74.3 |      14 |      17 |  54.8
       D:10 |    2405 |    1979 |  45.1 |      15 |      10 |  40.0
       D:11 |    2231 |    1771 |  44.3 |      11 |      12 |  52.2
       D:12 |    4489 |   13809 |  75.5 |      16 |      35 |  68.6
       D:13 |    4786 |    5297 |  52.5 |      14 |      34 |  70.8
       D:14 |    9690 |       0 |   0.0 |      21 |       0 |   0.0
       D:15 |    7653 |    2380 |  23.7 |      15 |       3 |  16.7
     Lair:1 |    3641 |    1229 |  25.2 |      13 |       2 |  13.3
     Lair:2 |   12581 |    4478 |  26.3 |      51 |      15 |  22.7
     Lair:3 |    5679 |    3205 |  36.1 |      29 |      14 |  32.6
     Lair:4 |    7567 |       0 |   0.0 |      20 |       0 |   0.0
     Lair:5 |    9750 |    6843 |  41.2 |      39 |      19 |  32.8
    Snake:1 |    9200 |    1786 |  16.3 |      20 |       1 |   4.8
    Snake:2 |    4494 |    3606 |  44.5 |       9 |       7 |  43.8
    Snake:3 |   13321 |    5503 |  29.2 |      28 |       8 |  22.2
      Orc:1 |    3727 |    3674 |  49.6 |      41 |       4 |   8.9
      Orc:2 |    3030 |    4475 |  59.6 |      47 |      35 |  42.7
            +---------+---------+-------+---------+---------+-------
